 Dungeon Crawl Stone Soup version 0.27.1-2-g3b301248ec (webtiles) character file.

Game seed: 17612944792168936675

26 nxtlvl the Chopper (level 3, 0/27 (31) HPs)
             Began as a Hill Orc Monk on Sept 25, 2021.
             Slain by a necrophage (1 damage)
             ... on level 3 of the Dungeon.
             The game lasted 00:03:05 (403 turns).

nxtlvl the Chopper (Hill Orc Monk)                   Turns: 403, Time: 00:03:06

HP:   0/27 (31)     AC:  5    Str: 13    XL:     3   Next: 8%
MP:   3/3           EV: 12    Int: 10    God:
Gold: 96            SH:  0    Dex: 14    Spells: 2/2 levels left

rFire    . . .     SeeInvis .   a - +0 hand axe
rCold    . . .     Faith    .   (no shield)
rNeg     . . .     Spirit   .   c - +2 leather armour {Will+}
rPois    +         Reflect  .   (no helmet)
rElec    .         Harm     .   (no cloak)
rCorr    .         Rampage  .   (no gloves)
Will     +....                  (no boots)
Stlth    ++........             (no amulet)
HPRegen  0.09/turn              g - ring of poison resistance
MPRegen  0.08/turn              (no ring)

@: heavily drained
A: no striking features
a: no special abilities


You were on level 3 of the Dungeon.
You visited 1 branch of the dungeon, and saw 3 of its levels.

You collected 96 gold pieces.

Inventory:

Hand Weapons
 a - a +0 hand axe (weapon)
Missiles
 e - 18 sling bullets
 h - 6 poisoned darts (quivered)
Armour
 c - a +2 leather armour of willpower (worn)
Jewellery
 g - a ring of poison resistance (left hand)
Wands
 i - a wand of iceblast (13)
Scrolls
 b - a scroll of immolation {unknown}
 d - a scroll of teleportation {unknown}
Potions
 f - a potion of lignification {unknown}


   Skills:
 - Level 3.6 Fighting
 * Level 5.5 Axes
 - Level 2.4 Dodging
 - Level 1.5 Stealth


You had 2 spell levels left.
You didn't know any spells.
Your spell library was empty.

Dungeon Overview and Level Annotations

Branches:
Dungeon (3/15)

Altars:


Message History

The necrophage is lightly damaged.
The necrophage barely misses you.
You closely miss the necrophage.
The necrophage is lightly damaged.
The necrophage misses you.
You hit the necrophage.
The necrophage is lightly damaged.
The necrophage completely misses you.
You hit the necrophage but do no damage.
The necrophage is lightly damaged.
The necrophage hits you.
* * * LOW HITPOINT WARNING * * *
You feel drained.
You hit the necrophage but do no damage.
The necrophage is lightly damaged.
The necrophage barely misses you.
You hit the necrophage but do no damage.
The necrophage is lightly damaged.
The necrophage barely misses you.
You hit the necrophage.
The necrophage is moderately damaged.
The necrophage closely misses you.
You hit the necrophage.
The necrophage is heavily damaged.
The necrophage misses you.
You hit the necrophage.
The necrophage is heavily damaged.
The necrophage barely misses you.
You barely miss the necrophage.
The necrophage is heavily damaged.
The necrophage closely misses you.
You hit the necrophage but do no damage.
The necrophage is heavily damaged.
The necrophage barely misses you.
You hit the necrophage.
The necrophage is heavily damaged.
The necrophage hits you!
* * * LOW HITPOINT WARNING * * *
You feel drained.
You die...

#.# # ..
#.# .##
#.#.## ...
..# #
......###
#.# ..#.#
......#..
#.# ..#.#
♣...... #<#
....#
♣..♣.....
#.# ...##..
♣....<.
#.##.......
♣......
#..@n..#
......##.
#####.[#
...... . .#
#..## . ..
.. ) .# . .
# .


You could see a necrophage.

Vanquished Creatures
  A dart slug (D:2)
  3 bats
  3 endoplasms
  3 giant cockroaches
  A goblin (D:2)
  2 kobolds
  A quokka (D:2)
  3 ball pythons
  A frilled lizard (D:2)
  4 rats
22 creatures vanquished.

Notes
Turn   | Place    | Note
-------+----------+-------------------------------------------
     0 | D:1      | nxtlvl the Hill Orc Monk began the quest for the Orb.
     0 | D:1      | Reached XP level 1. HP: 19/19 MP: 1/1
    86 | D:2      | Reached XP level 2. HP: 20/26 MP: 2/2
   269 | D:1      | Reached skill level 5 in Axes
   296 | D:1      | Found a faded altar of an unknown god.
   340 | D:2      | Reached XP level 3. HP: 16/31 MP: 3/3
   383 | D:3      | Noticed a necrophage
   403 | D:3      | HP: 1/28 [necrophage (7)]
   403 | D:3      | Slain by a necrophage

Illustrated notes

Levels and vault maps discovered:
D:1:      evilmike_arrival_plus, layout_rooms, basic_ecumenical_altar,
          minmay_worlds_worst_comb
D:2:      layout_rooms, serial_glass, glass_columns_a, glass_columns_b,
          glass_columns_b, glass_columns_b, glass_columns_b, glass_columns_b,
          glass_columns_c, glass_columns_a, glass_columns_a, glass_columns_a,
          minmay_increasing_density
D:3:      layout_loops_ring, worldfamousw_hep_ancestral_shrine, okawaru_trees_2,
          chequers_garden, grunt_ministairs_10, minmay_strange_pillars,
          kennysheep_generic_room_2

Skill      XL: |  1  2 |
---------------+-------+-----
Axes           | 5 |  5.5
Fighting       | |  3.6
Dodging        | |  2.4
Stealth        | |  1.5

Action                   || total
-------------------------++-------
Melee: Hand axe          ||    83
Armor: Robe              ||     5
       Leather armour    ||    13
Dodge: Dodged            ||    59
